 Dungeon Crawl Stone Soup version 0.29.1-12-g30fa7ad0bf (webtiles) character file.

Game seed: 13499877499727692654

21392 EarthwalkerPL the Protected (level 12, -3/115 HPs)
             Began as a Minotaur Fighter on Jan 5, 2023.
             Was the Champion of Okawaru.
             Slain by an orc
             ... wielding a +0 trident
             ... led by an orc knight
              (6 damage)
             ... while paralysed by an orc sorcerer
             ... on level 1 of the Orcish Mines.
             The game lasted 00:45:05 (11775 turns).

EarthwalkerPL the Protected (Minotaur Fighter)     Turns: 11775, Time: 00:45:06

Health: -3/115     AC: 21    Str: 26    XL:     12   Next: 53%
Magic:  32/32      EV:  2    Int:  4    God:    Okawaru [******]
Gold:   1246       SH:  0    Dex: 10    Spells: 11/11 levels left

rFire   + . .      SeeInvis +   K - +9 hand axe of Defiance {venom, rN++ MP+9 Int+2 Stlth+}
rCold   + . .      Faith    .   S - +1 kite shield {rC+ rF+}
rNeg    + + .      Spirit   .   g - +0 plate armour
rPois   +          Reflect  .   a - +1 hat {SInv}
rElec   .          Harm     .   X - +2 cloak
rCorr   +          Rampage  .   Y - -1 pair of gloves "Pumoguoxo" {rPois Regen+ Int-3 SInv}
Will    .....                   (no boots)
Stlth   ..........              H - amulet of regeneration
HPRegen 1.89/turn               h - ring of resist corrosion
MPRegen 0.23/turn               B - ring of magical power

@: paralysed
A: horns 2, retaliatory headbutt
a: Renounce Religion, Heroism, Finesse, Duel


You were on level 1 of the Orcish Mines.
You worshipped Okawaru.
Okawaru was exalted by your worship.
You visited 3 branches of the dungeon, and saw 14 of its levels.
You also visited: Sewer and Bailey.

You collected 1356 gold pieces.
You spent 110 gold pieces at shops.

Inventory:

Hand Weapons
 K - the +9 hand axe of Defiance (weapon) {venom, rN++ MP+9 Int+2 Stlth+}
   (You found it on level 7 of the Dungeon)

   It poisons the flesh of those it strikes.
   Int:       It affects your intelligence (+2).
   rN:        It greatly protects you from negative energy.
   MP:        It affects your magic capacity (+9).
   Stlth:     It makes you more stealthy.
 U - the +7 morningstar of Doom {holy, rElec rC+}
   (You found it in a bailey)

   It has been blessed by the Shining One to cause great damage to the undead
   and demons.
   rC:        It protects you from cold.
   rElec:     It insulates you from electricity.
 Z - a +0 broad axe
Missiles
 e - 5 atropa-tipped darts
 l - 6 throwing nets
 E - 26 poisoned darts (quivered)
 P - 2 boomerangs of dispersal
 Q - 2 curare-tipped darts
Armour
 a - a +1 hat of see invisible (worn)
 g - a +0 plate armour (worn)
 w - a +0 pair of gloves
 S - a +1 kite shield of resistance (worn)
 X - a +2 cloak (worn)
 Y - the -1 pair of gloves "Pumoguoxo" (worn) {rPois Regen+ Int-3 SInv}
   (Okawaru gifted it to you on level 2 of the Orcish Mines)

   Int:       It affects your intelligence (-3).
   rPois:     It protects you from poison.
   SInv:      It lets you see invisible.
   Regen:     It increases your rate of health regeneration.
Jewellery
 b - a ring of wizardry
 h - a ring of resist corrosion (left hand)
 v - the amulet of the Furies {Reflect Dex+3 SH+5}
   (You bought it in a shop on level 3 of the Dungeon)

   [amulet of reflection]

   It reflects blocked missile attacks.
   Dex:       It affects your dexterity (+3).
   SH:        It affects your SH (+5).
 B - a ring of magical power (right hand)
 H - an amulet of regeneration (around neck)
 M - an amulet of the acrobat
Wands
 n - a wand of flame (91)
 W - a wand of mindburst (7)
Scrolls
 f - a scroll of summoning {unknown}
 i - a scroll of noise
 j - a scroll of silence
 m - 2 scrolls of magic mapping
 p - a scroll of fear
 s - 8 scrolls of teleportation
 t - 2 scrolls of brand weapon
 u - 3 scrolls of enchant armour
 x - 4 scrolls of blinking
 y - 3 scrolls of enchant weapon
 C - a scroll of poison
 G - 5 scrolls of amnesia
 J - 3 scrolls of vulnerability {unknown}
 N - 2 scrolls of fog {unknown}
 O - a scroll of acquirement {unknown}
 V - 2 scrolls of immolation {unknown}
Potions
 c - a potion of haste {unknown}
 d - 2 potions of might
 k - 2 potions of mutation {unknown}
 o - 3 potions of flight {unknown}
 q - 2 potions of magic {unknown}
 r - 9 potions of degeneration
 z - 2 potions of cancellation {unknown}
 A - a potion of attraction {unknown}
 D - 3 potions of brilliance {unknown}
 F - a potion of ambrosia {unknown}
 I - a potion of lignification {unknown}
 L - 3 potions of curing {unknown}
 R - 2 potions of heal wounds {unknown}
Miscellaneous
 T - a tin of tremorstones (2/2)


   Skills:
 * Level 13.3 Fighting
 * Level 13.0 Axes
 * Level 13.3 Armour
 * Level 4.9 Dodging
 + Level 9.9 Shields
 * Level 4.3 Invocations


You had 11 spell levels left.
You didn't know any spells.
Your spell library contained the following spells:

 Spells                   Type           Power      Damage    Failure   Level
 Passage of Golubria      Tloc           0%         N/A       100%        4
 Silence                  Hex/Air        0%         N/A       100%        5
 Lehudib's Crystal Spear  Conj/Erth      0%         10d2      100%        8


Dungeon Overview and Level Annotations

Branches:
Dungeon (11/15)            Temple (1/1) D:7            Lair (0/5) D:11
    Orc (2/2) D:10            Elf (0/3) Orc:2         Sewer (visited)
 Bailey (visited)

Altars:
Ashenzari
Cheibriados
Dithmenos
Elyvilon
Fedhas
Gozag
Hepliaklqana
Kikubaaqudgha
Makhleb
Nemelex Xobeh
Okawaru
Qazlal
Ru
Sif Muna
Trog
Uskayaw
Vehumet
Wu Jian
Xom
Yredelemnul
Zin
The Shining One

Shops:
D:3 *   D:8 *   D:9 *

Annotations:
D:2 1 runed translucent door, Crazy Yiuf


Innate Abilities, Weirdness & Mutations

You have a pair of horns on your head.
You reflexively headbutt those who attack you in melee.


Message History

The orc sorcerer hits you but does no damage.
The orc knight hits you with a +0 great sword.
Unknown command.
You hit the orc sorcerer but do no damage.
The orc sorcerer looks as sick as possible!
The orc sorcerer is almost dead.
You completely miss the orc wizard.
You hit the orc knight but do no damage.
The orc knight looks as sick as possible!
The orc wizard closely misses you.
The orc sorcerer gestures at you while chanting.
You suddenly lose the ability to move!
The orc knight hits you with a +0 great sword!!
* * * LOW HITPOINT WARNING * * *
The orc wizard barely misses you.
The orc sorcerer points at you and mumbles some strange words.
The bolt of fire hits you! You resist.
* * * LOW HITPOINT WARNING * * *
The orc knight barely misses you.
The sentinel's mark upon you fades away.
You kill the orc sorcerer!
Okawaru is honoured by your kill.
The orc wizard hits you with a +0 dagger.
* * * LOW HITPOINT WARNING * * *
The orc knight hits you with a +0 great sword!
* * * LOW HITPOINT WARNING * * *
The orc wizard completely misses you.
The orc knight hits you but does no damage.
The orc hits you but does no damage.
The orc wizard points at you and mumbles some strange words.
The magic dart hits you but does no damage.
The orc knight hits you with a +0 great sword!
* * * LOW HITPOINT WARNING * * *
The orc hits you but does no damage.
The orc wizard hits you with a +0 dagger.
* * * LOW HITPOINT WARNING * * *
The orc knight hits you with a +0 great sword.
* * * LOW HITPOINT WARNING * * *
The orc hits you with a +0 trident.
You die...

## ##o...### #o...#...
####..#...o.
##....##..... ##
#.#.......O.. #.#
###..#..o...o.. ...
#.....#.#...#.. ...###
###.....o##......
...#.###....#..o@#..#...
#.....#.....##..o)#.....
#....###....#...####....
....#...#.......# ...
...#.....##....##
.##.....#.#.#### .#
##.........## . #
#.[...##....# . #.
##)........## h#.##


You could see an orc knight (extremely poisoned), an orc wizard (strong,
invisible) and an orc (strong).

Vanquished Creatures
  A rakshasa (D:9)
  A boulder beetle (D:11)
  Erica (D:8)
  A catoblepas (D:9)
  4 two-headed ogres
  A skeletal warrior (D:9)
  Pikel (D:8)
  An orc knight (Orc:1)
  2 orc sorcerers
  A manticore (D:11)
  Maurice (D:9)
  A gargoyle (D:10)
  Psyche (D:8)
  3 trolls
  3 hornets
  2 wyverns (D:9)
  21 yaks
  A vampire (D:9)
  4 wargs
  Menkaure (D:6)
  2 acid dragons (D:11)
  A water moccasin (D:7)
  A sky beast (D:7)
  14 orc warriors
  A black bear (D:11)
  3 ice beasts
  5 ogres
  5 wolves (Bailey)
  3 centaurs
  4 kobold brigands
  10 bullfrogs
  2 necrophages
  10 gnoll sergeants
  A scorpion (D:7)
  6 wights
  10 killer bees (D:9)
  3 howler monkeys
  5 jellies
  7 hounds
  13 orc priests
  7 gnoll boudas
  Terence (D:2)
  3 iguanas
  21 orc wizards
  A hell rat (Sewer)
  11 adders
  3 river rats
  32 gnolls
  2 white imps (D:7)
  6 worms
  3 dart slugs
  49 orcs
  9 endoplasms
  8 giant cockroaches (D:1)
  11 goblins
  9 hobgoblins
  9 jackals
  28 kobolds
  7 quokkas
  8 ball pythons
  5 bats
  11 frilled lizards
  16 rats
418 creatures vanquished.

Vanquished Creatures (others)
  7 fungi (D:11)
  4 plants (D:11)
11 creatures vanquished.

Grand Total: 429 creatures vanquished

Notes
Turn   | Place    | Note
-------+----------+-------------------------------------------
     0 | D:1      | EarthwalkerPL the Minotaur Fighter began the quest for the
                  | Orb.
     0 | D:1      | Reached XP level 1. HP: 19/19 MP: 0/0
     1 | D:1      | Found a runed translucent door.
    33 | D:1      | Reached XP level 2. HP: 19/27 MP: 1/1
   377 | D:1      | Reached XP level 3. HP: 28/33 MP: 2/2
   705 | D:2      | Reached XP level 4. HP: 40/41 MP: 3/3
  1020 | D:2      | Noticed Terence
  1027 | D:2      | Killed Terence
  1028 | D:2      | Reached XP level 5. HP: 19/47 MP: 4/4
  1337 | D:2      | Found a runed translucent door.
  1338 | D:2      | Noticed Crazy Yiuf
  1862 | D:3      | Reached skill level 5 in Fighting
  1862 | D:3      | Reached skill level 5 in Armour
  1954 | D:3      | Reached XP level 6. HP: 31/56 MP: 5/5
  1981 | D:3      | HP: 2/56 [river rat (6)]
  2054 | D:3      | Found a glowing drain.
  2061 | Sewer    | Entered a sewer
  2729 | D:3      | Found Qamaisoh's Assorted Antiques.
  2735 | D:3      | Bought a sparkling platinum amulet for 110 gold pieces
  2735 | D:3      | Identified the amulet of the Furies {Reflect Dex+3 SH+5}
                  | (You bought it in a shop on level 3 of the Dungeon)
  2838 | D:3      | Reached skill level 5 in Axes
  3285 | D:4      | Found an iron altar of Okawaru.
  3289 | D:4      | Became a worshipper of Warmaster Okawaru
  3360 | D:4      | Reached XP level 7. HP: 48/62 MP: 6/6
  3755 | D:5      | Entered Level 5 of the Dungeon
  3784 | D:5      | Reached skill level 5 in Shields
  4457 | D:6      | HP: 1/64 [ogre/+0 giant club (20)]
  4458 | D:6      | Reached * piety under Okawaru
  4536 | D:5      | Reached XP level 8. HP: 15/71 MP: 7/7
  4917 | D:6      | Noticed Menkaure
  4923 | D:6      | Killed Menkaure
  4977 | D:6      | Reached ** piety under Okawaru
  5690 | D:7      | Found a shadowy altar of Dithmenos.
  5690 | D:7      | Found an opulent altar of Gozag.
  5690 | D:7      | Found a radiant altar of Vehumet.
  5690 | D:7      | Found a burning altar of Makhleb.
  5693 | D:7      | Found an ancient bone altar of Kikubaaqudgha.
  5767 | D:7      | Reached XP level 9. HP: 53/82 MP: 8/8
  6018 | D:7      | Identified the +9 hand axe of Defiance {venom, rN++ MP+9
                  | Int+2 Stlth+}
  6077 | D:7      | Reached *** piety under Okawaru
  6192 | D:7      | Found a staircase to the Ecumenical Temple.
  6201 | Temple   | Entered the Ecumenical Temple
  6578 | D:8      | Found Otahebb's General Store.
  6626 | D:8      | Noticed Pikel
  6633 | D:8      | Killed Pikel
  6946 | D:8      | Noticed Psyche
  6949 | D:8      | Reached **** piety under Okawaru
  6954 | D:8      | Killed Psyche
  6956 | D:8      | Reached skill level 10 in Fighting
  6956 | D:8      | Reached skill level 10 in Armour
  6956 | D:8      | Reached XP level 10. HP: 46/93 MP: 9/9
  7010 | D:8      | Noticed Erica
  7026 | D:8      | Killed Erica
  7026 | D:8      | Reached ***** piety under Okawaru
  7026 | D:8      | Received a gift from Okawaru
  7027 | D:8      | Reached skill level 10 in Axes
  7099 | D:8      | Found a bloodstained altar of Trog.
  7102 | D:8      | Found a shimmering altar of Xom.
  7105 | D:8      | Found a glowing golden altar of the Shining One.
  7108 | D:8      | Found an ornate altar of the Wu Jian Council.
  7298 | D:9      | Found Weikyos's Assorted Antiques.
  7331 | D:9      | Found a flagged portal.
  7356 | Bailey   | Entered a bailey
  8012 | Bailey   | Identified the +7 morningstar of Doom {holy, rElec rC+}
  8186 | D:9      | Received a gift from Okawaru
  8234 | D:9      | Reached XP level 11. HP: 97/102 MP: 10/10
  8241 | D:9      | Noticed a catoblepas
  8252 | D:9      | Killed a catoblepas
  8397 | D:9      | Noticed a rakshasa
  8416 | D:9      | Killed a rakshasa
  8579 | D:9      | Noticed a skeletal warrior
  8620 | D:9      | Killed a skeletal warrior
  8827 | D:9      | Noticed Maurice
  8836 | D:9      | Killed Maurice
  8971 | D:10     | Entered Level 10 of the Dungeon
  8995 | D:10     | Reached skill level 1 in Dodging
  8995 | D:10     | Reached skill level 1 in Invocations
  8998 | D:10     | Noticed a two-headed ogre
  9008 | D:10     | Killed a two-headed ogre
  9305 | D:10     | Found a staircase to the Orcish Mines.
  9375 | D:10     | Reached ****** piety under Okawaru
  9880 | D:11     | Noticed a two-headed ogre
  9894 | D:11     | Killed a two-headed ogre
 10141 | D:11     | Reached XP level 12. HP: 107/113 MP: 13/13
 10167 | D:11     | Noticed a boulder beetle
 10188 | D:11     | Killed a boulder beetle
 10403 | D:11     | Found a staircase to the Lair.
 10423 | D:11     | Noticed a two-headed ogre
 10434 | D:11     | Killed a two-headed ogre
 10558 | D:11     | Noticed an eight-headed hydra
 10794 | Orc:1    | Entered Level 1 of the Orcish Mines
 10892 | Orc:2    | Entered Level 2 of the Orcish Mines
 10892 | Orc:2    | Found a staircase to the Elven Halls.
 10982 | Orc:2    | Identified the -1 pair of gloves "Pumoguoxo" {rPois Regen+
                  | Int-3 SInv} (Okawaru gifted it to you on level 2 of the
                  | Orcish Mines)
 10982 | Orc:2    | Received a gift from Okawaru
 11379 | Orc:2    | Noticed a two-headed ogre
 11398 | Orc:2    | Killed a two-headed ogre
 11770 | Orc:1    | Paralysed by an orc sorcerer for 5 turns
 11774 | Orc:1    | HP: 5/115 [orc knight/+0 great sword (13)]
 11775 | Orc:1    | Slain by an orc

Illustrated notes

Levels and vault maps discovered:
D:1:      dpeg_arrival_caged_fury, layout_basic, minmay_lizard_pond
D:2:      layout_basic, uniq_crazy_yiuf_cottage, uniq_terence
D:3:      minmay_chambers_of_twos, layout_loops_ring, serial_shops,
          nicolae_shop_trees, lightli_sewer_entry_pipes, amethyst_killhole
D:4:      layout_basic, mainiacjoe_overflow_24_doors
D:5:      layout_rooms, serial_bayou_ford_a
D:6:      layout_basic, chequers_ossuary_entry_cave, uniq_menkaure
D:7:      layout_cave_pools, grunt_temple_overflow_open, temple_green
D:8:      nicolae_cairo_tiling, layout_basic, grunt_temple_overflow_cloverleaf,
          serial_shops, shop, uniq_erica, uniq_psyche, uniq_pikel
D:9:      minmay_ornate_pinched, layout_irregular_city, serial_shops,
          nicolae_stop_n_shop_1, enter_bailey_7, uniq_maurice
D:10:     layout_gridville, david_orc_3, kennysheep_generic_room_15
D:11:     layout_gridville, grunt_lair_entry_orc_guard_hut, minmay_holes
Temple:   hellmonk_temple_two_chambers
Orc:1:    layout_diamond_mine
Orc:2:    st_orc_pillars, layout_caves, special_room

Skill      XL: |  1  2  3  4  5  6  7  8  9 10 11 12 |
---------------+-------------------------------------+-----
Fighting       | 4 5 6 8 10 11 12 13 | 13.3
Armour         | 4 5 6 8 10 11 12 13 | 13.3
Axes           | 3 4 5 6 7 9 11 12 13 | 13.0
Shields        | 4 5 6 7 8 9 |  9.9
Dodging        | 3 4 |  4.9
Invocations    | 2 4 |  4.3

Action                   |  1- 3 |  4- 6 |  7- 9 | 10-12 || total
-------------------------+-------+-------+-------+-------++-------
Melee: War axe           |    97 |   207 |   155 |       ||   459
       Headbutt          |     8 |    21 |    34 |   134 ||   197
       Hand axe          |       |       |    68 |   564 ||   632
Throw: Dart              |       |       |     3 |    28 ||    31
       Throwing net      |       |       |       |     2 ||     2
Evoke: Wand              |       |       |       |     1 ||     1
  Use: Scroll            |       |       |       |    16 ||    16
Armor: Scale mail        |    25 |       |       |       ||    25
       Plate armour      |    58 |   118 |   112 |   202 ||   490
Dodge: Dodged            |    38 |    58 |    72 |   132 ||   300
Block: Buckler           |    24 |    73 |    67 |    55 ||   219
       Reflection        |       |       |     1 |       ||     1
       Kite shield       |       |       |       |   238 ||   238
